 Dungeon Crawl Stone Soup version 0.28.0 (webtiles) character file.

Game seed: 9412299363798601858

5747 Dorkslayer the Slasher (level 10, -3/65 (67) HPs)
             Began as an Octopode Fighter on June 1, 2022.
             Was an Initiate of Gozag.
             Slain by a +2 rapier of chaos (4 damage)
             ... on level 9 of the Dungeon.
             The game lasted 00:29:45 (11001 turns).

Dorkslayer the Slasher (Octopode Fighter)          Turns: 11001, Time: 00:29:46

HP:   -3/65 (67)    AC:  1    Str: 22    XL:     10   Next: 77%
MP:   14/19         EV: 12    Int: 11    God:    Gozag
Gold: 421           SH: 10    Dex: 15    Spells: 9/9 levels left

rFire   + . .      SeeInvis +   D - +4 long sword (freeze)
rCold   + + .      Faith    .   b - +0 buckler
rNeg    . . .      Spirit   .   (helmet restricted)
rPois   +          Reflect  +   r - amulet of reflection
rElec   +          Harm     .   m - ring of protection from cold
rCorr   +          Rampage  .   i - ring of see invisible
Will    .....                   q - ring of resist corrosion
Stlth   +++++.....              j - +6 ring of strength
HPRegen 0.20/turn               t - +4 ring of evasion
MPRegen 0.16/turn               x - ring of magical power
                                (no ring)
                                (no ring)

@: mighty, resistant, petrifying (expiring), gold aura, lightly drained, very
slow
A: almost no armour, amphibious, 8 rings, camouflage 1, gelatinous body 1,
(nimble swimmer 1), tentacles
a: Renounce Religion, Potion Petition, Call Merchant, Bribe Branch


You were on level 9 of the Dungeon.
You worshipped Gozag.
Gozag was aware of your devotion.
You visited 2 branches of the dungeon, and saw 10 of its levels.

You collected 2563 gold pieces.
You spent 2036 gold pieces at shops.
You paid 106 gold pieces to Gozag.

Inventory:

Hand Weapons
 l - a +0 scimitar
 y - a +2 vorpal double sword
 D - a +4 long sword of freezing (weapon)
Missiles
 o - 16 poisoned darts
 s - 4 silver javelins
 u - 3 javelins
 A - 3 atropa-tipped darts
 E - a curare-tipped dart (quivered)
Armour
 b - a +0 buckler (worn)
Jewellery
 i - a ring of see invisible (right tentacle)
 j - a +6 ring of strength (on tentacle)
 m - a ring of protection from cold (left tentacle)
 q - a ring of resist corrosion (on tentacle)
 r - an amulet of reflection (around mantle)
 t - a +4 ring of evasion (on tentacle)
 x - a ring of magical power (on tentacle)
Wands
 e - a wand of digging (3)
 w - a wand of flame (22)
Scrolls
 a - a scroll of enchant armour {unknown}
 h - a scroll of enchant weapon {unknown}
 F - 2 scrolls of magic mapping
Potions
 c - a potion of heal wounds
 d - 3 potions of lignification
 f - 2 potions of haste {unknown}
 g - a potion of resistance
 k - 2 potions of cancellation {unknown}
 n - a potion of ambrosia {unknown}
 p - 3 potions of curing
 v - a potion of mutation {unknown}
 B - a potion of brilliance
 C - a potion of flight {unknown}


   Skills:
 + Level 5.6 Fighting
 + Level 3.5(5.9) Short Blades
 + Level 7.4(7.8) Long Blades
 + Level 4.2 Throwing
 + Level 5.7 Dodging
 + Level 7.0 Stealth
 + Level 5.5 Shields
 + Level 5.4 Unarmed Combat
 * Level 6.6 Evocations


You had 9 spell levels left.
You didn't know any spells.
Your spell library contained the following spells:

 Spells                   Type           Power      Damage    Failure   Level
 Freeze                   Ice            0%         1d3       41%         1
 Shock                    Conj/Air       0%         1d3       41%         1
 Frozen Ramparts          Ice            0%         1d2       80%         3
 Swiftness                Air            0%         N/A       80%         3
 Airstrike                Air            0%         N/A       99%         4
 Hailstorm                Conj/Ice       0%         3d3       99%         4
 Leda's Liquefaction      Hex/Erth       0%         N/A       99%         4
 Lee's Rapid Deconstruct  Erth           0%         3d5*      100%        5
 Statue Form              Tmut/Erth      0%         N/A       100%        6


Dungeon Overview and Level Annotations

Branches:
Dungeon (9/15)             Temple (1/1) D:4
   Lair: D:8-11         Orc: D:9-12

Altars:
Ashenzari
Dithmenos
Gozag
Nemelex Xobeh
Qazlal
Ru
Sif Muna
Xom
Zin
Beogh

Shops:
D:4 =   D:8 (*[!(:


Innate Abilities, Weirdness & Mutations

You cannot wear most types of armour.
You are amphibious.
You can wear up to eight rings at the same time.
Your skin changes colour to match your surroundings (Stealth+).
Your rubbery body absorbs attacks. (AC +1, EV +1)
((You are camouflaged when in or above water. (Stealth+)))
You have tentacles for arms and can constrict up to eight enemies at once.


Message History

You block SugarBolt's ghost's attack.
You barely miss SugarBolt's ghost. You squeeze SugarBolt's ghost!
SugarBolt's ghost is severely damaged.
SugarBolt's ghost hits you.
You closely miss SugarBolt's ghost.
SugarBolt's ghost is severely damaged.
You block SugarBolt's ghost's attack.
You slash SugarBolt's ghost! You freeze SugarBolt's ghost.
You tentacle-slap SugarBolt's ghost. Your squeeze misses SugarBolt's ghost.
SugarBolt's ghost is almost destroyed.
SugarBolt's ghost closely misses you.
You hit SugarBolt's ghost. You freeze SugarBolt's ghost.
Your squeeze misses SugarBolt's ghost.
SugarBolt's ghost is almost destroyed.
SugarBolt's ghost completely misses you.
You slash SugarBolt's ghost! You freeze SugarBolt's ghost.
You destroy SugarBolt's ghost!
The +2 rapier of chaos hits you!
You are slowing down.
Your Throwing skill increases to level 4!
Your Stealth skill increases to level 7!
You barely miss the +2 rapier of chaos.
Your grab misses the +2 rapier of chaos.
The +2 rapier of chaos closely misses you.
The +2 rapier of chaos barely misses you.
Your limbs are stiffening.
You closely miss the +2 rapier of chaos.
Your grab misses the +2 rapier of chaos.
You squeeze the +2 rapier of chaos!
The +2 rapier of chaos is severely damaged.
The +2 rapier of chaos hits you!
* * * LOW HITPOINT WARNING * * *
You feel your power leaking away. The +2 rapier of chaos hits you!
* * * LOW HITPOINT WARNING * * *
The +2 rapier of chaos hits you!
* * * LOW HITPOINT WARNING * * *
You feel drained.
You die...
Your body crumbles into a pile of gold.

### ##.## #._$# ###(###
####.@...# ##########
#<.......# #........#
#(...^..#####........#
#.......###.'........#
..............#........#
###.......#####........#
#.......# #........#
#.......# #.........
#.......# #.........


You could see a +2 rapier of chaos.

Vanquished Creatures
  The ghost of SugarBolt the Fighter, a journeyman OgBe of Trog (D:9)
  Grinder (D:4)
  A wyvern (D:7)
  5 yaks (D:9)
  A steam dragon (D:8)
  A water moccasin (D:8)
  An acid dragon (D:9)
  An ice beast (D:7)
  A hornet zombie (D:5)
  A black bear (D:7)
  A necrophage (D:5)
  An orc warrior (D:8)
  3 ogres
  3 centaurs
  A phantom (D:4)
  3 kobold brigands
  3 bullfrogs
  3 scorpions
  9 wights
  4 howler monkeys
  3 electric eels
  3 centaur zombies
  A jelly (D:6)
  4 hounds
  4 orc priests (D:8)
  2 centaur skeletons (D:7)
  A bullfrog skeleton (D:4)
  3 gnoll shamans
  3 iguanas
  7 orc wizards
  A killer bee zombie (D:5)
  A howler monkey zombie (D:7)
  7 gnolls (D:6)
  6 adders
  2 shadow imps
  2 white imps
  An adder zombie (D:3)
  3 worms
  A dart slug (D:1)
  27 orcs
  10 ball pythons
  7 bats
  8 endoplasms
  2 giant cockroaches (D:2)
  4 goblins
  8 hobgoblins
  10 jackals
  4 quokkas
  7 frilled lizards
  27 kobolds
  4 rats
218 creatures vanquished.

Vanquished Creatures (others)
  8 fungi (D:9)
  13 plants (D:9)
  3 toadstools (D:9)
  4 withered plants (D:1)
28 creatures vanquished.

Grand Total: 246 creatures vanquished

Notes
Turn   | Place    | Note
-------+----------+-------------------------------------------
     0 | D:1      | Dorkslayer the Octopode Fighter began the quest for the
                  | Orb.
     0 | D:1      | Reached XP level 1. HP: 16/16 MP: 1/1
   236 | D:1      | Reached XP level 2. HP: 13/21 MP: 2/2
   501 | D:1      | Found a faded altar of an unknown god.
   588 | D:1      | Reached skill level 1 in Unarmed Combat
   591 | D:1      | Reached XP level 3. HP: 26/26 MP: 3/3
  1373 | D:2      | Reached XP level 4. HP: 31/31 MP: 4/4
  1694 | D:2      | Reached skill level 1 in Stealth
  2048 | D:3      | Found a sparkling altar of Nemelex Xobeh.
  2147 | D:3      | Found a sparkling altar of Nemelex Xobeh.
  2817 | D:4      | Reached XP level 5. HP: 26/36 MP: 5/5
  2934 | D:4      | Found a staircase to the Ecumenical Temple.
  2969 | Temple   | Entered the Ecumenical Temple
  2975 | Temple   | Became a worshipper of Gozag Ym Sagoz the Greedy
  3057 | D:4      | Identified the +5 hunting sling of Kismet {venom, rPois rC-
                  | Dex+5 SInv}
  3283 | D:4      | Reached skill level 1 in Evocations
  3343 | D:4      | Reached XP level 6. HP: 31/42 MP: 4/6
  3382 | D:4      | Found Nuwnoy's Jewellery Shop.
  3531 | D:4      | Found a broken altar of Ashenzari.
  3777 | D:4      | Noticed Grinder
  3981 | D:4      | Killed Grinder
  3982 | D:4      | Reached XP level 7. HP: 42/47 MP: 5/7
  4256 | D:5      | Entered Level 5 of the Dungeon
  4933 | D:5      | Reached XP level 8. HP: 44/54 MP: 1/8
  5114 | D:5      | Reached skill level 1 in Throwing
  5157 | D:5      | Reached skill level 5 in Long Blades
  5788 | D:6      | Reached skill level 5 in Stealth
  5941 | D:6      | Found a sacrificial altar of Ru.
  6023 | D:6      | Reached XP level 9. HP: 59/59 MP: 9/9
  6408 | D:6      | Found a shadowy altar of Dithmenos.
  6538 | D:6      | HP: 1/59 [gnoll (6)]
  7052 | D:7      | Identified a scroll of acquirement
  7052 | D:7      | Acquired 973 gold pieces
  7111 | D:4      | Bought an amulet of reflection for 420 gold pieces
  7111 | D:4      | Bought a +4 ring of evasion for 504 gold pieces
  7671 | D:7      | Reached skill level 1 in Short Blades
  7688 | D:7      | Reached skill level 5 in Dodging
  7919 | D:7      | Found a shimmering blue altar of Sif Muna.
  7951 | D:7      | Reached skill level 5 in Fighting
  7951 | D:7      | Reached skill level 5 in Unarmed Combat
  8519 | D:8      | Found Torhofy's Book Emporium.
  8520 | D:8      | Found Qobragg's Distillery.
  8521 | D:8      | Found Ecvan's Antique Weapon Boutique.
  8521 | D:8      | Found Pakhli Zipro's Assorted Antiques.
  8521 | D:8      | Found Quvynn's Antique Armour Emporium.
  8536 | D:8      | HP: 3/61 [electric eel/bolt of electricity (4)]
  8538 | D:8      | Reached skill level 5 in Evocations
  8845 | D:8      | Bought a potion of attraction for 42 gold pieces
  8845 | D:8      | Bought a potion of degeneration for 14 gold pieces
  8845 | D:8      | Bought a potion of might for 56 gold pieces
  8845 | D:8      | Bought a potion of berserk rage for 70 gold pieces
  8845 | D:8      | Bought a potion of brilliance for 56 gold pieces
  8845 | D:8      | Bought a potion of heal wounds for 70 gold pieces
  8845 | D:8      | Bought a potion of resistance for 140 gold pieces
  8860 | D:8      | Bought a cyan potion for 26 gold pieces
  8860 | D:8      | Bought a cyan potion for 26 gold pieces
  8999 | D:8      | HP: 3/61 [centaur warrior zombie (3)]
  9159 | D:8      | Found Ohyacau's Antique Weapon Boutique.
  9164 | D:8      | Bought a glowing double sword for 450 gold pieces
  9518 | D:8      | Reached XP level 10. HP: 36/66 MP: 10/10
  9956 | D:8      | Reached skill level 5 in Shields
 10187 | D:8      | Found a runed translucent door.
 10311 | D:8      | Identified the +8 mace of Gephor {venom, Stlth+}
 10433 | D:8      | Bought a glowing long sword for 162 gold pieces
 10974 | D:9      | Found a runed translucent door.
 10974 | D:9      | Found a shimmering altar of Xom.
 10974 | D:9      | Noticed a +2 rapier of chaos
 10974 | D:9      | Noticed SugarBolt's ghost (journeyman OgBe)
 10999 | D:9      | Killed SugarBolt's ghost
 11001 | D:9      | HP: 1/67 [+2 rapier of chaos (11)]
 11001 | D:9      | Slain by a +2 rapier of chaos

Illustrated notes

Levels and vault maps discovered:
D:1:      dpeg_arrival_stonehenge_8_columns, layout_basic,
          ebering_ecumenical_altar_petrified
D:2:      layout_rooms, st_stairs_14
D:3:      layout_rooms, nemelex_dance_club_becter, grunt_ministairs_4,
          kennysheep_flooded_box, wander_ebering_terrifying_dragon_lair
D:4:      layout_basic, amcnicky_altar_gilded, minmay_temple_entry_glassed_door,
          serial_shops, shop, uniq_grinder
D:5:      layout_loops_cross
D:6:      layout_cave_pools, old_standard_altar,
          mainiacjoe_overflow_six_doors_small
D:7:      layout_layer_cave, led_sif_pool
D:8:      layout_rooms, serial_shops, kennysheep_little_box,
          minmay_tree_intersection, nicolae_wooded_promenade,
          lightli_church_of_beogh
D:9:      layout_roguey, ebering_ghost_xom, serial_bayou, serial_bayou_pond_b,
          serial_bayou_pond_e, serial_bayou_shore_b, serial_bayou_shore_a,
          chequers_decorated_corner, minmay_gold_behind_fungi
Temple:   kb_temple_of_zot

Skill      XL: |  1  2  3  4  5  6  7  8  9 10 |
---------------+-------------------------------+-----
Unarmed Combat | 1 2 3 4 5 |  5.4
Stealth        | 1 2 3 4 5 6 7 |  7.0
Long Blades    | 3 4 6 7 |  7.4
Evocations     | 1 2 4 5 6 |  6.6
Dodging        | 4 5 |  5.7
Fighting       | 4 5 |  5.6
Throwing       | 1 2 4 |  4.2
Shields        | 4 5 |  5.5
Short Blades   | 3 |  3.5

Action                   |  1- 3 |  4- 6 |  7- 9 | 10-12 || total
-------------------------+-------+-------+-------+-------++-------
Melee: Long sword        |    71 |   119 |   112 |    48 ||   350
       Constrict         |    23 |    27 |    40 |    19 ||   109
       Tentacles         |    14 |    31 |    42 |    21 ||   108
       Punch             |       |     2 |     8 |     7 ||    17
       Short sword       |       |       |    75 |       ||    75
       Double sword      |       |       |     6 |    44 ||    50
Throw: Dart              |       |     4 |    13 |    24 ||    41
       Javelin           |       |     3 |    15 |    18 ||    36
Evoke: Wand              |       |       |       |    11 ||    11
  Use: Scroll            |       |     4 |     3 |     1 ||     8
       Potion            |       |     1 |     7 |     3 ||    11
 Stab: Sleeping          |     3 |     6 |     8 |       ||    17
       Distracted        |     1 |       |     1 |     3 ||     5
       Invisible         |       |       |     1 |       ||     1
Armor: Skin              |     2 |     5 |    11 |       ||    18
Dodge: Dodged            |    53 |    69 |   131 |    53 ||   306
Block: Buckler           |    22 |    27 |    76 |    43 ||   168
